 Dungeon Crawl Stone Soup version 0.29.1-15-g9cfb28693d (webtiles) character file.

Game seed: 5782611617729893561

3666 croobank the Firebug (level 9, -6/66 HPs)
             Began as a Demonspawn Fire Elementalist on Feb 24, 2023.
             Was an Initiate of Gozag.
             Mangled by Gastronok (22 damage)
             ... on level 8 of the Dungeon.
             The game lasted 00:26:27 (12044 turns).

croobank the Firebug (DsFE)                        Turns: 12044, Time: 00:26:28

Health: -6/66      AC: 13    Str:  8    XL:     9   Next: 89%
Magic:  3/5        EV: 11    Int: 21    God:    Gozag
Gold:   738        SH:  5    Dex: 14    Spells: 7/17 levels left

rFire   . . .      SeeInvis .   z - +1 whip (antimagic)
rCold   . . .      Faith    .   (no shield)
rNeg    . . .      Spirit   .   A - +0 swamp dragon scales
rPois   +          Reflect  +   (helmet unavailable)
rElec   .          Harm     .   (no cloak)
rCorr   .          Rampage  .   C - +0 pair of gloves
Will    .....                   n - +1 pair of boots
Stlth   ++........              H - amulet of reflection
HPRegen 0.21/turn               (no ring)
MPRegen 0.09/turn               (no ring)

@: slowed, very slow
A: horns 3, thin metallic scales 2, spiny 2
a: Renounce Religion, Potion Petition, Call Merchant, Bribe Branch


You were on level 8 of the Dungeon.
You worshipped Gozag.
Gozag was pleased with you.
You visited 2 branches of the dungeon, and saw 9 of its levels.
You also visited: Sewer.

You collected 781 gold pieces.
You paid 43 gold pieces to Gozag.

Inventory:

Hand Weapons
 a - the +8 dagger of Fogeties {elec, Stlth+}
   (You took it off a hobgoblin on level 3 of the Dungeon)

   It occasionally discharges a powerful burst of electricity upon striking a
   foe.
   Stlth:     It makes you more stealthy.
 j - a +0 mace
 p - a +1 scimitar
 q - a +0 trident
 r - a +2 whip of venom
 v - a +0 halberd of flaming
 z - a +1 antimagic whip (weapon)
 E - a +0 glaive of venom
 I - a +3 falchion
Missiles
 s - 2 curare-tipped darts
 y - 8 poisoned darts
Armour
 n - a +1 pair of boots (worn)
 u - a +1 ring mail of fire resistance
 A - +0 swamp dragon scales (worn)
 C - a +0 pair of gloves (worn)
 D - a +2 leather armour of poison resistance
Jewellery
 h - an amulet of guardian spirit
 H - an amulet of reflection (around neck)
Wands
 K - a wand of digging (4)
 M - a wand of light (4)
 N - a wand of flame (23)
 P - a wand of paralysis (4)
Scrolls
 c - 3 scrolls of enchant armour
 i - a scroll of amnesia
 l - 2 scrolls of blinking
 m - a scroll of fog
 o - 3 scrolls of teleportation
 w - a scroll of enchant weapon
 B - a scroll of immolation
Potions
 b - 3 potions of might
 d - 7 potions of curing
 e - 3 potions of flight
 f - 2 potions of attraction
 g - 8 potions of heal wounds
 k - 2 potions of cancellation
 t - a potion of haste
 x - 2 potions of invisibility
 F - a potion of ambrosia
 G - 2 potions of brilliance
 J - a potion of mutation
 L - 2 potions of berserk rage
 O - a potion of lignification {unknown}


   Skills:
 + Level 4.4 Fighting
 + Level 4.1 Short Blades
 + Level 2.3 Armour
 + Level 4.9 Dodging
 + Level 5.2 Stealth
 + Level 4.9 Spellcasting
 + Level 5.1 Conjurations
 + Level 4.4 Hexes
 + Level 5.3 Fire Magic


You had 7 spell levels left.
You knew the following spells:

 Your Spells              Type           Power      Damage    Failure   Level
a - Foxfire               Conj/Fire      100%       2x1d9     3%          1
b - Scorch                Fire           54%        2d8       5%          2
c - Inner Flame           Hex/Fire       25%        N/A       13%         3
d - Flame Wave            Conj/Fire      27%        2d9       36%         4

Your spell library contained the following spells:

 Spells                   Type           Power      Damage    Failure   Level
 Magic Dart               Conj           100%       1d8       4%          1
 Conjure Flame            Conj/Fire      27%        6-21      12%         3
 Apportation              Tloc           10%        N/A       32%         1
 Necrotise                Necr           20%        1d5       32%         1
 Summon Small Mammal      Summ           20%        N/A       32%         1
 Mephitic Cloud           Conj/Pois/Air  12%        N/A       43%         3
 Blink                    Tloc           10%        N/A       45%         2
 Call Imp                 Summ           5%         N/A       45%         2
 Lesser Beckoning         Tloc           5%         N/A       69%         3
 Iskenderun's Battlesphe  Conj           26%        2d8       73%         5
 Manifold Assault         Tloc           5%         N/A       100%        5
 Iron Shot                Conj/Erth      7%         9d2       100%        6
 Spellforged Servitor     Conj/Summ      7%         N/A       100%        7


Dungeon Overview and Level Annotations

Branches:
Dungeon (8/15)             Temple (1/1) D:4           Sewer (visited)
   Lair: D:8-11

Altars:
Ashenzari
Fedhas
Gozag
Hepliaklqana
Kikubaaqudgha
Makhleb
Nemelex Xobeh
Okawaru
Qazlal
Ru
Sif Muna
Trog
Uskayaw
Vehumet
Wu Jian
Xom
Yredelemnul

Shops:
D:2 !   D:5 =

Annotations:
D:8 Gastronok


Innate Abilities, Weirdness & Mutations

You have a pair of large horns on your head.
You are mostly covered in thin metallic scales. (AC +3)
You are mostly covered in sharp spines.


Message History

You completely miss Gastronok. You headbutt Gastronok.
Gastronok is severely wounded.
Gastronok waves his eye-stalks in wide circles.
The air twists around and strikes you.
You hit Gastronok.
Gastronok's magic leaks into the air.
You punch Gastronok.
Gastronok is severely wounded.
Gastronok gurgles.
Gastronok casts a spell.
Casting: Foxfire (safe; 3% risk of failure)
Confirm with . or Enter, or press ? or * to list all spells.
Flames lash the bat.
You kill the bat!
The bat's corpse disappears in a puff of smoke!
The bat is struck by your spines. The bat hits you but does no damage.
You block the bat's attack.
You hit Gastronok but do no damage. You headbutt Gastronok.
Gastronok is severely wounded.
Gastronok's magic is no longer disrupted.
You block the bat's attack. x2; The bat is struck by your spines.
You kill the bat!
The bat's corpse disappears in a puff of smoke!
Gastronok is struck by your spines. Gastronok bites you!!
The bat hits you but does no damage.
You hit Gastronok.
Gastronok's magic leaks into the air.
Gastronok is severely wounded.
The bat barely misses you. Gastronok is struck by your spines.
Gastronok bites you.
You hit Gastronok but do no damage.
Gastronok is almost dead.
You block the bat's attack. The bat closely misses you.
Gastronok is struck by your spines. Gastronok closely misses you.
You hit Gastronok.
Gastronok's magic leaks into the air.
Gastronok is almost dead.
The bat closely misses you. You block the bat's attack. Gastronok bites you!
* * * LOW HITPOINT WARNING * * *
You hit Gastronok.
Gastronok's magic leaks into the air.
Gastronok is almost dead.
The bat barely misses you. You block the bat's attack. Gastronok bites you!!
You die...
Your body crumbles into a pile of gold.

## ## #.##
#.# ##..# #..
#...# # #...#
# #.# ##.w.#
.# #.#
###...@## .#
#.#
.........##.#
#.#
###.....b.$.#
##.##
#........##
####...###
#..###...##
#.........
#.# ##$.#
##......###
#. #..#
##..###..# #
##.###..##
##.##
#.....##
##.##


You could see Gastronok (magic disrupted) and a bat (summoned).

Vanquished Creatures
  Maggie (D:6)
  Grinder (D:5)
  A steam dragon (D:8)
  2 water moccasins
  2 orc warriors (D:8)
  4 ice beasts
  A sky beast (D:7)
  A black bear (D:8)
  An ogre (D:6)
  3 centaurs
  3 kobold brigands
  Blork the orc (D:5)
  2 bullfrogs
  3 scorpions
  3 wights
  3 jellies
  6 hounds
  3 orc priests (D:6)
  2 gnoll boudas
  7 iguanas
  4 orc wizards
  Robin (D:3)
  10 adders
  9 gnolls
  A shadow imp (D:7)
  3 white imps
  2 ufetubi
  4 worms
  4 dart slugs
  13 orcs
  3 ball pythons
  5 bats
  3 endoplasms
  11 goblins
  8 hobgoblins (D:3)
  4 jackals
  13 kobolds
  4 quokkas
  12 rats
164 creatures vanquished.

Vanquished Creatures (others)
  363 foxfires
  12 plants (D:6)
375 creatures vanquished.

Grand Total: 539 creatures vanquished

Notes
Turn   | Place    | Note
-------+----------+-------------------------------------------
     0 | D:1      | croobank the Demonspawn Fire Elementalist began the quest
                  | for the Orb.
     0 | D:1      | Reached XP level 1. HP: 13/13 MP: 3/3
   668 | D:1      | Gained mutation: You are partially covered in sharp spines.
                  | [demonic ancestry]
   668 | D:1      | Reached XP level 2. HP: 9/19 MP: 0/5
  1036 | D:1      | Learned a level 2 spell: Scorch
  1483 | D:2      | Found a shimmering altar of Xom.
  1554 | D:2      | Gained mutation: You are partially covered in thin metallic
                  | scales. (AC +2) [demonic ancestry]
  1554 | D:2      | Reached XP level 3. HP: 24/24 MP: 1/6
  1927 | D:2      | Found Loshreawa's Distillery.
  2145 | D:2      | Identified the +0 robe "Tac Lacyev" {Str+2 Int+2 Dex+4
                  | Stlth-}
  2344 | D:2      | Found a faded altar of an unknown god.
  2376 | D:2      | Reached XP level 4. HP: 30/30 MP: 2/7
  2598 | D:2      | Learned a level 3 spell: Inner Flame
  2822 | D:3      | Noticed Robin
  2827 | D:3      | Killed Robin
  3354 | D:3      | Noticed a moth of wrath
  3354 | D:3      | Identified the +8 dagger of Fogeties {elec, Stlth+}
  3423 | D:3      | Found a bloodstained altar of Trog.
  4133 | D:4      | You fall into a shaft and drop 1 floor!
  4133 | D:5      | Entered Level 5 of the Dungeon
  4136 | D:5      | Found a glowing drain.
  4146 | D:5      | Gained mutation: You have a pair of small horns on your
                  | head. [demonic ancestry]
  4146 | D:5      | Reached XP level 5. HP: 36/36 MP: 3/8
  4153 | Sewer    | Entered a sewer
  4236 | Sewer    | Reached skill level 1 in Fighting
  4236 | Sewer    | Reached skill level 1 in Hexes
  4477 | Sewer    | Reached skill level 1 in Short Blades
  4477 | Sewer    | Gained mutation: You are mostly covered in thin metallic
                  | scales. (AC +3) [demonic ancestry]
  4477 | Sewer    | Reached XP level 6. HP: 43/43 MP: 4/10
  5201 | D:5      | Gained mutation: You are mostly covered in sharp spines.
                  | [demonic ancestry]
  5201 | D:5      | Reached XP level 7. HP: 49/49 MP: 2/11
  5269 | D:5      | Noticed Grinder
  5273 | D:5      | Killed Grinder
  5531 | D:5      | Found Nalat's Jewellery Shop.
  5838 | D:5      | Noticed Blork the orc
  5851 | D:5      | Killed Blork the orc
  6359 | D:4      | Gained mutation: You have a pair of horns on your head.
                  | [demonic ancestry]
  6359 | D:4      | Reached XP level 8. HP: 57/57 MP: 2/13
  6535 | D:4      | Found a staircase to the Ecumenical Temple.
  6549 | Temple   | Entered the Ecumenical Temple
  6649 | Temple   | Became a worshipper of Gozag Ym Sagoz the Greedy
  7355 | D:4      | Identified a scroll of acquirement
  7355 | D:4      | Acquired a book of Power
  7478 | D:6      | Found a sacrificial altar of Ru.
  7550 | D:6      | Learned a level 4 spell: Flame Wave
  8160 | D:6      | Noticed Maggie
  8180 | D:6      | Killed Maggie
  8899 | D:6      | Found a burning altar of Makhleb.
  8901 | D:6      | Gained mutation: You have a pair of large horns on your
                  | head. [demonic ancestry]
  8901 | D:6      | Reached XP level 9. HP: 64/64 MP: 12/15
  9751 | D:7      | Reached skill level 1 in Armour
 10058 | D:7      | Reached skill level 5 in Fire Magic
 10832 | D:7      | Found a sparkling altar of Nemelex Xobeh.
 10999 | D:8      | Reached skill level 5 in Stealth
 11285 | D:8      | Reached skill level 5 in Conjurations
 11652 | D:8      | Found a shimmering altar of Xom.
 11653 | D:8      | Found a basalt altar of Yredelemnul.
 12020 | D:8      | Noticed Gastronok
 12044 | D:8      | Mangled by Gastronok

Illustrated notes

Levels and vault maps discovered:
D:1:      scummos_arrival_star, layout_basic
D:2:      layout_basic, basic_altar, serial_shops, nicolae_shop_hallway_stairs,
          dreamdust_ecumenical_altar_hidden_monk_grotto, kennysheep_path_1
D:3:      layout_loops_ring, tgw_trog, uniq_robin
D:4:      layout_rooms, minmay_temple_entry_wispy, nicolae_eternal_life,
          minmay_misc_feat_cross, st_stairs_11
D:5:      layout_gridville, cheibrodos_sewer_entry_drain, serial_shops,
          nicolae_shop_stone, uniq_grinder, uniq_blork_the_orc
D:6:      layout_loops_corners, mainiacjoe_overflow_chevrons,
          nicolae_ru_sacrificial_ziggurat, kennysheep_opposing_triangles,
          uniq_maggie
D:7:      layout_rooms, lemuel_doored_altar
D:8:      minmay_the_grid_octo_triangle [minmay_the_grid_octo_vomiting_pacman,
          minmay_the_grid_octo_prize_star, minmay_the_grid_octo_checkerflower],
          layout_layer_cave, mainiacjoe_overflow_divided_tiny, uniq_gastronok
Temple:   zaba_magenta_temple

Skill      XL: |  1  2  3  4  5  6  7  8  9 |
---------------+----------------------------+-----
Stealth        | 2 3 4 5 |  5.2
Dodging        | 2 3 4 |  4.9
Fire Magic     | 3 4 5 |  5.3
Conjurations   | 2 3 4 5 |  5.1
Fighting       | 1 2 3 4 |  4.4
Hexes          | 1 2 3 4 |  4.4
Short Blades   | 1 2 3 4 |  4.1
Spellcasting   | 3 4 |  4.9
Armour         | 2 |  2.3

Action                   |  1- 3 |  4- 6 |  7- 9 || total
-------------------------+-------+-------+-------++-------
Melee: Unarmed           |    15 |       |       ||    15
       Dagger            |     5 |    13 |    24 ||    42
       Headbutt          |       |       |    13 ||    13
       Whip              |       |       |    15 ||    15
       Punch             |       |       |     1 ||     1
 Cast: Foxfire           |    33 |    81 |   105 ||   219
       Scorch            |    10 |    32 |   124 ||   166
  Use: Potion            |       |     3 |     2 ||     5
       Scroll            |       |     7 |    17 ||    24
 Stab: Sleeping          |       |     1 |     2 ||     3
Armor: Robe              |    22 |     3 |     2 ||    27
       Skin              |       |       |     6 ||     6
       Swamp dragon scal |       |       |    27 ||    27
Dodge: Dodged            |    36 |     6 |    38 ||    80
Block: Other             |       |       |    15 ||    15
       Reflection        |       |       |     2 ||     2
